 Dungeon Crawl Stone Soup version 0.13.0-6-g40e4d2d (webtiles) character file.

128 MackTheKnife the Digger (level 3, 0/19 HPs)
             Began as a Gargoyle Earth Elementalist on Oct 15, 2013.
             Slain by an adder (4 damage)
             ... on Level 2 of the Dungeon.
             The game lasted 00:02:55 (1642 turns).

MackTheKnife the Digger (GrEE)                      Turns: 1642, Time: 00:02:55

HP   0/19        AC  6     Str 11      XL: 3   Next: 12%
MP   1/6         EV 10     Int 15      God:
Gold 100         SH  0     Dex 11      Spells:  3 memorised,  0 levels left

Res.Fire  : . . .   See Invis. : .   m - +4,+0 orc dagger (drain)
Res.Cold  : . . .   Warding    : .   g - +0 leather armour
Life Prot.: + . .   Conserve   : .   (no shield)
Res.Poison: +       Res.Corr.  : .   (no helmet)
Res.Elec. : +       Clarity    : .   (no cloak)
Sust.Abil.: . .     Spirit.Shd : .   (no gloves)
Res.Mut.  : .       Stasis     : .   (no boots)
Res.Rott. : +       Flight     : .   (no amulet)
Saprovore : . . .                    (no ring)
                                     (no ring)

@: very slightly contaminated, not resistant to hostile enchantments, unstealthy
A: fangs 1, talons 2, life protection 1, electricity resistance, slow metabolism
1, unbreathing, petrification resistance, AC +3
a: no special abilities


You were on level 2 of the Dungeon.
You were not hungry.

You visited 1 branch of the dungeon, and saw 2 of its levels.

You collected 80 gold pieces.

Inventory:

Hand weapons
 m - a +4,+0 orcish dagger of draining (weapon)
Missiles
 b - 29 stones (quivered)
Armour
 g - a +0 leather armour (worn)
Comestibles
 a - a bread ration
Scrolls
 h - 2 scrolls of remove curse {unknown}
 i - a scroll of curse weapon {unknown}
 j - a scroll of noise {unknown}
 k - 2 scrolls of identify {unknown}
Potions
 c - a potion of speed {unknown}
 e - 2 potions of curing {unknown}
 f - a potion of agility {unknown}
Books
 d - a book of Geomancy

   Spells                             Type                      Level
   *Sandblast                         Earth                        1
   *Stoneskin                         Transmutation/Earth          2
   Passwall                           Transmutation/Earth          3
   *Stone Arrow                       Conjuration/Earth            3
   Petrify                            Transmutation/Earth          4
   Lee's Rapid Deconstruction         Earth                        5


   Skills:
 - Level 1.5 Dodging
 - Level 2.1 Stealth
 + Level 2.0 Spellcasting
 - Level 0.7 Transmutations
 + Level 4.3 Earth Magic


You couldn't memorise any spells.
You knew the following spells:

 Your Spells              Type           Power        Failure   Level  Hunger
a - Sandblast             Erth           ##....       4%          1    #......
b - Stoneskin             Trmt/Erth      #.........   12%         2    ###....
c - Stone Arrow           Conj/Erth      #.....       30%         3    ####...


Dungeon Overview and Level Annotations

Branches:
Dungeon (2/27)

Altars:
Zin


Innate Abilities, Weirdness & Mutations

You are resistant to torment.
You are immune to poison.
Your stone body is very resilient (AC +3).
You have very sharp teeth.
You have razor-sharp toenails.
You resist negative energy.
You are resistant to electric shocks.
You have a slow metabolism.
You can survive without breathing.
You are immune to petrification.


Message History

Confirm with . or Enter, or press ? or * to list all spells.
Okay, then.
You miss the adder. Your kick misses the adder.
The adder is severely wounded.
The adder barely misses you.
You miss the adder. Your bite misses the adder.
The adder is severely wounded.
The adder bites you.
* * * LOW HITPOINT WARNING * * *
The adder barely misses you.
You barely miss the adder. Your kick misses the adder.
The adder is severely wounded.
The adder barely misses you.
You closely miss the adder. You bite the adder.
The adder is almost dead.
The adder closely misses you.
You barely miss the adder. Your bite misses the adder.
The adder is almost dead.
The adder barely misses you. The adder bites you.
You die...

####### ####### .......#
#....... ........#
#........ .........#
#........ #.........#
#........ #.........###
#.S......#
#.........'.####@.>.....#
#......)..#....'........#
#.........######........
#######'### ####'####
#######.# ... #.......#
#### #'# #'######## #.#..
. .........###.#.#
........%'.#.#.#


You could see an adder.

Vanquished Creatures
  An adder (D:2)
  An ooze (D:1)
  2 giant cockroaches (D:1)
  5 goblins
  4 hobgoblins
  4 bats
  2 giant newts
  A kobold (D:1)
  A rat (D:2)
21 creatures vanquished.

Notes
Turn   | Place    | Note
--------------------------------------------------------------
     0 | D:1      | MackTheKnife, the Gargoyle Earth Elementalist, began the quest for the Orb.
     0 | D:1      | Reached XP level 1. HP: 10/10 MP: 3/3
     0 | D:1      | Noticed a jelly
   534 | D:1      | Reached XP level 2. HP: 6/15 MP: 4/4
   715 | D:1      | Learned a level 2 spell: Stoneskin
   779 | D:1      | Reached skill level 4 in Earth Magic
  1272 | D:2      | Found a glowing silver altar of Zin.
  1345 | D:2      | Reached XP level 3. HP: 11/19 MP: 3/6
  1623 | D:2      | Learned a level 3 spell: Stone Arrow
  1642 | D:2      | Slain by an adder

Action                   || total
-------------------------++-------
Melee: Unarmed           ||    12
       Dagger            ||    69
 Cast: Sandblast         ||    12
       Stoneskin         ||     2
       Stone Arrow       ||     1
